TOP OF THE 1ST |
Springfield Stars batting - Pitching for Jersey Shore D-Bags : RHP Sergio Martínez
|
Pitching: RHP Sergio Martínez
|
|
Batting: RHB Calvin Bennett
|
0-0: Called Strike 0-1: Called Strike 0-2: Fly out, F6 (Popup, 6MD)
|
Batting: RHB Juan Rodríguez
|
0-0: SINGLE (Line Drive, 6D)
|
Batting: LHB Derek Davidson
|
0-0: Fielders Choice at 2nd, 6-4 (Groundball, 6M)
|
Batting: LHB Felipe Guerrero
|
0-0: Ball 1-0: Called Strike 1-1: Ball 2-1: Ball 3-1: Foul Ball, location: 2F 3-2: Ground out 4-3 (Groundball, 4M)
|
Top of the 1st over - 0 run(s), 1 hit(s), 0 error(s), 1 left on base; Springfield 0 - Jersey Shore 0 |
BOTTOM OF THE 1ST |
Jersey Shore D-Bags batting - Pitching for Springfield Stars : LHP José López
|
Pitching: LHP José López
|
|
Batting: RHB Ricardo González
|
0-0: Called Strike 0-1: Foul Ball, location: 2F 0-2: SINGLE (Groundball, 4MD)
|
Batting: RHB Millard Boyd
|
0-0: Ball 1-0: Ball 2-0: Foul Ball, location: 2F 2-1: 2-RUN HOME RUN (Flyball, 8LXD), Distance : 421 ft
|
Batting: LHB Dave Dodd
|
0-0: Ball 1-0: Ball 2-0: Ball 3-0: Fly out, F7 (Flyball, 7M)
|
Batting: RHB Matt Doyle
|
0-0: Ball 1-0: Ball 2-0: SOLO HOME RUN (Line Drive, 89XD), Distance : 409 ft
|
Batting: RHB Miguel Serna
|
0-0: Called Strike 0-1: Ball 1-1: Ball 2-1: Fly out, F9 (Flyball, 89M)
|
Batting: RHB Wilson Martínez
|
0-0: Ground out 6-3 (Groundball, 6)
|
Bottom of the 1st over - 3 run(s), 3 hit(s), 0 error(s), 0 left on base; Springfield 0 - Jersey Shore 3 |
TOP OF THE 2ND |
Springfield Stars batting - Pitching for Jersey Shore D-Bags : RHP Sergio Martínez
|
Batting: LHB Elliott Newell
|
0-0: Ground out 5-3 (Groundball, 5L)
|
Batting: RHB Juan Carlos Rodríguez
|
0-0: Foul Ball, location: 2F 0-1: Swinging Strike 0-2: Foul Ball, location: 2F 0-2: Ball 1-2: SINGLE (Groundball, 56)
|
Batting: SHB Shane Hutchinson
|
0-0: Called Strike 0-1: Grounds into double play, 4-6-3 (Groundball, 4)
|
Top of the 2nd over - 0 run(s), 1 hit(s), 0 error(s), 0 left on base; Springfield 0 - Jersey Shore 3 |
BOTTOM OF THE 2ND |
Jersey Shore D-Bags batting - Pitching for Springfield Stars : LHP José López
|
Batting: LHB Robert Phillips
|
0-0: Called Strike 0-1: Ball 1-1: Swinging Strike 1-2: Ball 2-2: Strikes out looking
|
Batting: RHB Cy Keynes
|
0-0: Ground out 4-3 (Groundball, 4M)
|
Batting: RHB Luis Ríos
|
0-0: Called Strike 0-1: Ball 1-1: Ball 2-1: Swinging Strike 2-2: Strikes out looking
|
Bottom of the 2nd over - 0 run(s), 0 hit(s), 0 error(s), 0 left on base; Springfield 0 - Jersey Shore 3 |
TOP OF THE 3RD |
Springfield Stars batting - Pitching for Jersey Shore D-Bags : RHP Sergio Martínez
|
Batting: RHB Will Sterling
|
0-0: Ball 1-0: Ball 2-0: Ground out 5-3 (Groundball, 5S)
|
Batting: LHB Jesús Tobías
|
0-0: Ball 1-0: Foul Ball, location: 2F 1-1: Ground out 4-3 (Groundball, 4M)
|
Batting: RHB Calvin Bennett
|
0-0: Ball 1-0: Fly out, F6 (Popup, 4MD)
|
Top of the 3rd over - 0 run(s), 0 hit(s), 0 error(s), 0 left on base; Springfield 0 - Jersey Shore 3 |
BOTTOM OF THE 3RD |
Jersey Shore D-Bags batting - Pitching for Springfield Stars : LHP José López
|
Batting: RHB Ricardo González
|
0-0: Called Strike 0-1: Ball 1-1: Foul Ball, location: 2F 1-2: Ball 2-2: Ball 3-2: Base on Balls
|
Batting: RHB Millard Boyd
|
0-0: Grounds into double play, 5-4-3 (Groundball, 5L)
|
Batting: LHB Dave Dodd
|
0-0: Ball 1-0: SINGLE (Line Drive, 7S)
|
Batting: RHB Matt Doyle
|
0-0: Called Strike 0-1: Called Strike 0-2: Strikes out looking
|
Bottom of the 3rd over - 0 run(s), 1 hit(s), 0 error(s), 1 left on base; Springfield 0 - Jersey Shore 3 |
TOP OF THE 4TH |
Springfield Stars batting - Pitching for Jersey Shore D-Bags : RHP Sergio Martínez
|
Batting: RHB Juan Rodríguez
|
0-0: Called Strike 0-1: Called Strike 0-2: Ball 1-2: Foul Ball, location: 2F 1-2: Strikes out looking
|
Batting: LHB Derek Davidson
|
0-0: Called Strike 0-1: Swinging Strike 0-2: Ball 1-2: Strikes out swinging
|
Batting: LHB Felipe Guerrero
|
0-0: Ball 1-0: Ball 2-0: Called Strike 2-1: Called Strike 2-2: Foul Ball, location: 2F 2-2: Ball 3-2: Foul Ball, location: 2F 3-2: Ground out U3 (Groundball, 3S)
|
Top of the 4th over - 0 run(s), 0 hit(s), 0 error(s), 0 left on base; Springfield 0 - Jersey Shore 3 |
BOTTOM OF THE 4TH |
Jersey Shore D-Bags batting - Pitching for Springfield Stars : LHP José López
|
Batting: RHB Miguel Serna
|
0-0: Ball 1-0: Ball 2-0: Called Strike 2-1: SOLO HOME RUN (Line Drive, 7D), Distance : 468 ft
|
Batting: RHB Wilson Martínez
|
0-0: Ball 1-0: Called Strike 1-1: Ball 2-1: Foul Ball, location: 2F 2-2: Ball 3-2: Strikes out looking
|
Batting: LHB Robert Phillips
|
0-0: Ball 1-0: Foul Ball, location: 2F 1-1: SINGLE (Groundball, 34D)
|
Batting: RHB Cy Keynes
|
0-0: Called Strike 0-1: Ball 1-1: Swinging Strike 1-2: Ball 2-2: Strikes out swinging
|
Batting: RHB Luis Ríos
|
0-0: Called Strike 0-1: Ball 1-1: Swinging Strike 1-2: Foul Ball, location: 2F 1-2: Ground out 5-3 (Groundball, 6)
|
Bottom of the 4th over - 1 run(s), 2 hit(s), 0 error(s), 1 left on base; Springfield 0 - Jersey Shore 4 |
TOP OF THE 5TH |
Springfield Stars batting - Pitching for Jersey Shore D-Bags : RHP Sergio Martínez
|
Batting: LHB Elliott Newell
|
0-0: Foul Ball, location: 2F 0-1: Ball 1-1: Called Strike 1-2: Ground out 4-3 (Groundball, 34)
|
Batting: RHB Juan Carlos Rodríguez
|
0-0: Fly out, F9 (Flyball, 9S)
|
Batting: SHB Shane Hutchinson
|
0-0: Called Strike 0-1: Foul Ball, location: 2F 0-2: Strikes out looking
|
Top of the 5th over - 0 run(s), 0 hit(s), 0 error(s), 0 left on base; Springfield 0 - Jersey Shore 4 |
BOTTOM OF THE 5TH |
Jersey Shore D-Bags batting - Pitching for Springfield Stars : LHP José López
|
Batting: RHB Ricardo González
|
0-0: Ball 1-0: Ball 2-0: Foul Ball, location: 2F 2-1: Foul Ball, location: 2F 2-2: Ball 3-2: SINGLE (Groundball, 6M)
|
Batting: RHB Millard Boyd
|
0-0: Ground out 5-3 (Groundball, 15S) Ricardo González to second
|
Batting: LHB Dave Dodd
|
0-0: Ball 1-0: Ground out 5-3 (Groundball, 5L)
|
Batting: RHB Matt Doyle
|
0-0: Ground out 5-3 (Groundball, 5S)
|
Bottom of the 5th over - 0 run(s), 1 hit(s), 0 error(s), 1 left on base; Springfield 0 - Jersey Shore 4 |
TOP OF THE 6TH |
Springfield Stars batting - Pitching for Jersey Shore D-Bags : RHP Sergio Martínez
|
Batting: RHB Will Sterling
|
0-0: Called Strike 0-1: Foul Ball, location: 2F 0-2: Foul Ball, location: 2F 0-2: Strikes out looking
|
Batting: LHB Jesús Tobías
|
0-0: Ground out 3-1 (Groundball, 34)
|
Batting: RHB Calvin Bennett
|
0-0: SINGLE (Line Drive, 8RS)
|
Batting: RHB Juan Rodríguez
|
0-0: Foul Ball, location: 2F 0-1: Ball 1-1: Ball 2-1: Called Strike Calvin Bennett is caught stealing 2nd base
|
Top of the 6th over - 0 run(s), 1 hit(s), 0 error(s), 0 left on base; Springfield 0 - Jersey Shore 4 |
BOTTOM OF THE 6TH |
Jersey Shore D-Bags batting - Pitching for Springfield Stars : LHP José López
|
Batting: RHB Miguel Serna
|
0-0: SINGLE (Groundball, 4MD)
|
Batting: RHB Wilson Martínez
|
0-0: Ball 1-0: Ball 2-0: Foul Ball, location: 2F 2-1: Foul Ball, location: 2F 2-2: Foul Ball, location: 2F 2-2: DOUBLE (Line Drive, 8LXD) Miguel Serna to third
|
Pitching: LHP Jorge Aybar
|
|
Batting: LHB Robert Phillips
|
0-0: Ball 1-0: Fly out, F7 (Flyball, 78S) Runner from 3rd tags up, OUT at HOME Wilson Martínez to third
|
Batting: RHB Cy Keynes
|
0-0: Called Strike 0-1: Ball 1-1: Called Strike 1-2: Ball 2-2: Fly out, F4 (Line Drive, 4)
|
Bottom of the 6th over - 0 run(s), 2 hit(s), 0 error(s), 1 left on base; Springfield 0 - Jersey Shore 4 |
TOP OF THE 7TH |
Springfield Stars batting - Pitching for Jersey Shore D-Bags : RHP Sergio Martínez
|
Batting: RHB Juan Rodríguez
|
0-0: Ball 1-0: Fly out, F3 (Line Drive, 3S)
|
Batting: LHB Derek Davidson
|
0-0: SOLO HOME RUN (Flyball, 9LD), Distance : 350 ft
|
Batting: LHB Felipe Guerrero
|
0-0: Called Strike 0-1: SOLO HOME RUN (Flyball, 89XD), Distance : 393 ft
|
Batting: LHB Elliott Newell
|
0-0: Ball 1-0: Ground out 4-3 (Groundball, 34)
|
Batting: RHB Juan Carlos Rodríguez
|
0-0: Ball 1-0: Ball 2-0: Ball 3-0: Called Strike 3-1: SINGLE (Groundball, 6M)
|
Batting: SHB Shane Hutchinson
|
0-0: Ball 1-0: Foul Ball, location: 2F 1-1: Ball 2-1: Ball 3-1: Base on Balls Juan Carlos Rodríguez to second
|
Batting: RHB Will Sterling
|
0-0: Called Strike 0-1: Ball 1-1: Ball Wild Pitch! Juan Carlos Rodríguez to third Shane Hutchinson to second 2-1: Ground out 1-3 (Groundball, 23)
|
Top of the 7th over - 2 run(s), 3 hit(s), 0 error(s), 2 left on base; Springfield 2 - Jersey Shore 4 |
BOTTOM OF THE 7TH |
Jersey Shore D-Bags batting - Pitching for Springfield Stars : LHP Jorge Aybar
|
Batting: RHB Luis Ríos
|
0-0: Called Strike 0-1: Ball 1-1: Ball 2-1: Foul Ball, location: 2F 2-2: Ball 3-2: Foul Ball, location: 2F 3-2: Strikes out swinging
|
Batting: RHB Ricardo González
|
0-0: Ball 1-0: Ball 2-0: Ball 3-0: Base on Balls
|
Batting: RHB Millard Boyd
|
0-0: SINGLE (Groundball, 15S) (infield hit) Ricardo González to second
|
Batting: LHB Dave Dodd
|
0-0: Called Strike 0-1: Ball 1-1: Ball 2-1: Ball 3-1: Base on Balls Ricardo González to third Millard Boyd to second
|
Batting: RHB Matt Doyle
|
0-0: Called Strike 0-1: Ball 1-1: Ball 2-1: Ball 3-1: Foul Ball, location: 2F 3-2: DOUBLE (Flyball, 9D) Ricardo González scores Millard Boyd scores Dave Dodd to third
|
Batting: RHB Miguel Serna
|
0-0: Intentional Walk
|
Batting: RHB Wilson Martínez
|
0-0: Called Strike 0-1: Fly out, F4 (Popup, 9S)
|
Batting: LHB Robert Phillips
|
0-0: Fly out, F8 (Flyball, 8RS)
|
Bottom of the 7th over - 2 run(s), 2 hit(s), 0 error(s), 3 left on base; Springfield 2 - Jersey Shore 6 |
TOP OF THE 8TH |
Springfield Stars batting - Pitching for Jersey Shore D-Bags : RHP Sergio Martínez
|
Batting: LHB Jesús Tobías
|
0-0: Called Strike 0-1: Foul Ball, location: 2F 0-2: Ball 1-2: DOUBLE (Line Drive, 9LM)
|
Batting: RHB Calvin Bennett
|
0-0: Called Strike 0-1: Ball 1-1: Ball 2-1: Swinging Strike 2-2: Ball 3-2: Fly out, F9 (Flyball, 9D) Runner from 2nd tags up, SAFE at 3rd, no throw
|
Batting: RHB Juan Rodríguez
|
0-0: Foul Ball, location: 2F 0-1: Ball 1-1: Ball 2-1: Ground out U3 (Groundball, 3L)
|
Batting: LHB Derek Davidson
|
0-0: Swinging Strike 0-1: Ball 1-1: Foul Ball, location: 2F 1-2: Ball 2-2: 2-RUN HOME RUN (Flyball, 9D), Distance : 362 ft
|
Batting: LHB Felipe Guerrero
|
0-0: Foul Ball, location: 2F 0-1: Called Strike 0-2: Ground out 4-3 (Groundball, 4)
|
Top of the 8th over - 2 run(s), 2 hit(s), 0 error(s), 0 left on base; Springfield 4 - Jersey Shore 6 |
BOTTOM OF THE 8TH |
Jersey Shore D-Bags batting - Pitching for Springfield Stars : LHP Jorge Aybar
|
Pitching: RHP Luis Cortéz
|
|
Batting: RHB Cy Keynes
|
0-0: Ball 1-0: Hit by Pitch
|
Batting: RHB Luis Ríos
|
0-0: Bunt missed! 0-1: Sac Bunt - play at first, batter OUT! 1-4 Cy Keynes to second
|
Batting: RHB Ricardo González
|
0-0: Intentional Walk
|
Pinch Hitting: LHB Dave Watt
|
0-0: Called Strike 0-1: Ball 1-1: Ball 2-1: Fielders Choice at 2nd, 1-6 (Groundball, 25) Cy Keynes to third
|
Batting: LHB Dave Dodd
|
0-0: Ball 1-0: Called Strike 1-1: SINGLE (Groundball, 6MD) Cy Keynes scores Dave Watt to second Runner from 2nd tries for 3rd, SAFE, throw made to third
|
Batting: RHB Matt Doyle
|
0-0: Ball 1-0: Ball 2-0: Foul Ball, location: 2F 2-1: Called Strike 2-2: Strikes out swinging
|
Bottom of the 8th over - 1 run(s), 1 hit(s), 0 error(s), 2 left on base; Springfield 4 - Jersey Shore 7 |
TOP OF THE 9TH |
Springfield Stars batting - Pitching for Jersey Shore D-Bags : RHP Sergio Martínez
|
Pitching: LHP Gerald Johnson
|
|
Now at SS: John Moore
|
|
Batting: LHB Elliott Newell
|
0-0: Called Strike 0-1: Foul Ball, location: 2F 0-2: Ball 1-2: Ball 2-2: Ground out 6-3 (Groundball, 6M)
|
Batting: RHB Juan Carlos Rodríguez
|
0-0: Ball 1-0: Ground out 1-3 (Groundball, 23)
|
Batting: SHB Shane Hutchinson
|
0-0: Called Strike 0-1: Ball 1-1: Ball 2-1: Called Strike 2-2: Strikes out swinging
|
Top of the 9th over - 0 run(s), 0 hit(s), 0 error(s), 0 left on base; Springfield 4 - Jersey Shore 7 |
|